 Dungeon Crawl Stone Soup version 0.30.0-5-g1a98f26d00 (webtiles) character file.

Game seed: 13888750828935136428

385 Persephone the Shooter (level 6, -6/56 HPs)
             Began as a Minotaur Hunter on May 9, 2023.
             Mangled by Menkaure (13 damage)
             ... on level 4 of the Dungeon.
             The game lasted 00:05:05 (2320 turns).

Persephone the Shooter (Minotaur Hunter)            Turns: 2320, Time: 00:05:06

Health: -6/56      AC: 17    Str: 14    XL:     6   Next: 48%
Magic:  5/5        EV:  7    Int:  6    God:
Gold:   228        SH:  0    Dex: 15    Spells: 5/5 levels left

rFire   . . .        a - +0 shortbow
rCold   . . .        (shield currently unavailable)
rNeg    . . .        d - +9 chain mail of Imperfection {Fly Will++ Str-2}
rPois   .            (helmet restricted)
rElec   .            (no cloak)
rCorr   .            (no gloves)
SInv    .            (no boots)
Will    ++...        (no amulet) Stlth
                     (no ring)
HPRegen 0.29/turn    (no ring)
MPRegen 0.09/turn

%: no passive effects
@: flying
A: horns 2, retaliatory headbutt
a: no special abilities


You were on level 4 of the Dungeon.
You visited 1 branch of the dungeon, and saw 4 of its levels.

You collected 228 gold pieces.

Inventory:

Hand Weapons
 a - a +0 shortbow (weapon)
Armour
 d - the +9 chain mail of Imperfection (worn) {Fly Will++ Str-2}
   (You found it on level 3 of the Dungeon)

   Str:       It affects your strength (-2).
   Fly:       It grants you flight.
   Will:      It greatly increases your willpower.
 k - a +0 ring mail
Jewellery
 i - an amulet of magic regeneration
Wands
 r - a wand of mindburst (14)
Scrolls
 b - 2 scrolls of immolation
 g - a scroll of enchant weapon
 n - a scroll of teleportation
 o - a scroll of poison {unknown}
 q - a scroll of identify
Potions
 c - a potion of mutation
 e - 3 potions of curing
 f - 2 potions of degeneration
 h - 4 potions of might
 j - 2 potions of haste
 l - a potion of brilliance {unknown}
 m - a potion of heal wounds {unknown}
 p - a potion of attraction {unknown}


   Skills:
 + Level 5.1 Fighting
 * Level 7.5 Ranged Weapons
 - Level 2.1 Dodging
 - Level 0.7 Stealth


You had 5 spell levels left.
You didn't know any spells.
Your spell library was empty.

Dungeon Overview and Level Annotations

Branches:
Dungeon (4/15)
 Temple: D:4-7

Altars:
Dithmenos
The Shining One

Annotations:
D:3 3 runed translucent doors, karkarkar's ghost, amateur GrFi
D:4 Menkaure


Innate Abilities, Weirdness & Mutations

You have a pair of horns on your head.
You reflexively headbutt those who attack you in melee.


Message History

You are too injured to fight recklessly!
You are too injured to fight recklessly!
You are too injured to fight recklessly!
You are too injured to fight recklessly!
You are too injured to fight recklessly!
You are too injured to fight recklessly!
You are too injured to fight recklessly!
You are too injured to fight recklessly!
You are too injured to fight recklessly!
You are too injured to fight recklessly!
You are too injured to fight recklessly!
You are too injured to fight recklessly!
You are too injured to fight recklessly!
You are too injured to fight recklessly!
Fire: a) +0 shortbow
Press: ? - help, Shift-Dir - straight line, f/p - Menkaure
Aim: Menkaure (severely damaged, fast, 77% to hit)
You shoot an arrow. The arrow barely misses Menkaure.
Menkaure hits you!
Menkaure calls on the powers of darkness!
Your body is wracked with pain!
The orc convulses!
Fire: a) +0 shortbow
Press: ? - help, Shift-Dir - straight line, f/p - Menkaure
Aim: Menkaure (severely damaged, fast, 77% to hit)
You shoot an arrow. The arrow hits Menkaure.
Menkaure is almost destroyed.
Menkaure calls on the powers of darkness!
Your body is wracked with pain!
* * * LOW HITPOINT WARNING * * *
The orc convulses!
Menkaure calls on the powers of darkness!
The orc convulses!
Your body is wracked with pain!
* * * LOW HITPOINT WARNING * * *
Fire: a) +0 shortbow
Press: ? - help, Shift-Dir - straight line, f/p - Menkaure
Aim: Menkaure (almost destroyed, fast, 77% to hit)
You shoot an arrow.
The arrow hits Menkaure but does no damage.
Menkaure is almost destroyed.
Menkaure hits you!
You die...

##. ... ### #.#
..######..## .
...........# ..
.####...##..##### .#..
..........#.....###.....
###..####...###.@Mo.....
....## #...#...#.....
....# #.....##......
.##..# ##.............
.###...# #...##.#####...
.## ##..##.#.##(.. ..
..### #.......#####.#. .
......................
#####......##)....###


You could see Menkaure (fast) and an orc.

Vanquished Creatures
  A black bear (D:4)
  2 ogres (D:4)
  An iguana (D:4)
  4 adders
  A worm (D:4)
  4 endoplasms
  3 giant cockroaches
  10 goblins
  5 hobgoblins
  5 jackals (D:4)
  7 kobolds
  2 quokkas (D:1)
  5 ball pythons
  3 bats
  3 frilled lizards
  6 rats
62 creatures vanquished.

Notes
Turn   | Place    | Note
-------+----------+-------------------------------------------
     0 | D:1      | Persephone the Minotaur Hunter began the quest for the Orb.
     0 | D:1      | Reached XP level 1. HP: 18/18 MP: 0/0
   126 | D:1      | Reached XP level 2. HP: 25/25 MP: 1/1
   530 | D:2      | Found a faded altar of an unknown god.
   559 | D:2      | Reached skill level 5 in Ranged Weapons
   617 | D:2      | Reached XP level 3. HP: 31/31 MP: 2/2
  1304 | D:3      | Found a shadowy altar of Dithmenos.
  1340 | D:3      | Identified the +9 chain mail of Imperfection {Fly Will++
                  | Str-2}
  1560 | D:3      | Found a runed translucent gate.
  1560 | D:3      | Found a runed translucent gate.
  1561 | D:3      | Found a runed translucent gate.
  1651 | D:3      | Noticed karkarkar's ghost (amateur GrFi)
  1682 | D:4      | Noticed an ogre
  1688 | D:4      | Killed an ogre
  1689 | D:4      | Reached skill level 6 in Ranged Weapons
  1689 | D:4      | Reached XP level 4. HP: 17/40 MP: 3/3
  1689 | D:4      | Reached XP level 5. HP: 20/46 MP: 4/4
  1918 | D:4      | Noticed a black bear
  1946 | D:4      | Killed a black bear
  1947 | D:4      | Reached skill level 7 in Ranged Weapons
  1947 | D:4      | Reached XP level 6. HP: 20/53 MP: 5/5
  2105 | D:4      | Found a glowing golden altar of the Shining One.
  2156 | D:4      | Reached skill level 5 in Fighting
  2311 | D:4      | Noticed Menkaure
  2320 | D:4      | Mangled by Menkaure

Illustrated notes

Levels and vault maps discovered:
D:1:      minmay_arrival_nine_rooms, layout_rooms
D:2:      layout_basic, nicolae_ecumenical_pavilion
D:3:      layout_basic, nicolae_overflow_crystal_walls,
          ebering_ghost_rock_garden
D:4:      layout_rooms, lemuel_doored_altar, uniq_menkaure

Skill      XL: |  1  2  3  4  5  6 |
---------------+-------------------+-----
Fighting       | 3 4 5 |  5.1
Ranged Weapons | 5 6 7 |  7.5
Dodging        | |  2.1
Stealth        | |  0.7

Action                     |  1- 3 |  4- 6 || total
---------------------------+-------+-------++-------
   Fire: Shortbow          |   115 |    66 ||   181
    Use: Scroll            |     7 |       ||     7
         Potion            |       |     1 ||     1
 Armour: Leather armour    |     3 |       ||     3
         Ring mail         |     5 |       ||     5
         Chain mail        |     2 |    33 ||    35
  Dodge: Dodged            |    14 |    22 ||    36
